 Dungeon Crawl Stone Soup version 0.30-a0-748-ge6a52f7cba (webtiles) character file.

Game seed: 4939003105663480177

70 Newt the Shooter (level 4, -12/30 HPs)
             Began as a Kobold Hunter on Feb 8, 2023.
             Mangled by a balrug
             ... wielding a +1 demon whip of electrocution
              (30 damage)
             ... on level 1 of the Abyss.
             The game lasted 00:02:21 (2412 turns).

Newt the Shooter (Kobold Hunter)                    Turns: 2412, Time: 00:02:21

Health: -12/30     AC:  5    Str:  8    XL:     4   Next: 45%
Magic:  13/13      EV: 14    Int: 10    God:
Gold:   140        SH:  0    Dex: 20    Spells: 3/3 levels left

rFire   + . .      SeeInvis .    a - +1 shortbow
rCold   . . .      Faith    .    (shield currently unavailable)
rNeg    . . .      Spirit   .    c - +0 leather armour
rPois   .          Reflect  .    l - +2 hat
rElec   .          Harm     .    (no cloak)
rCorr   .          Rampage  .    (no gloves)
Will    .....                    (no boots)
Stlth   +++                      d - amulet of magic regeneration
HPRegen 0.25/turn                e - ring of protection from fire
MPRegen 0.53/turn                m - ring of magical power

@: on berserk cooldown, hasted, very quick
A: small, no large weapons, nightstalker 3
a: no special abilities


You were on level 1 of the Abyss.
You visited 1 branch of the dungeon, and saw 4 of its levels.
You visited the Abyss 1 time.

You collected 140 gold pieces.

Inventory:

Hand Weapons
 a - a +1 shortbow (weapon)
Armour
 c - a +0 leather armour (worn)
 l - a +2 hat (worn)
Jewellery
 d - an amulet of magic regeneration (around neck)
 e - a ring of protection from fire (left hand)
 m - a ring of magical power (right hand)
Wands
 g - a wand of flame (17)
Scrolls
 b - 3 scrolls of immolation
 o - 2 scrolls of teleportation
 p - a scroll of fog
Potions
 h - a potion of heal wounds
 i - a potion of brilliance
 j - a potion of berserk rage
 k - a potion of degeneration {unknown}
 n - a potion of curing {unknown}


   Skills:
 * Level 4.8 Fighting
 - Level 5.3 Ranged Weapons
 - Level 2.4 Dodging
 - Level 1.3 Stealth


You had 3 spell levels left.
You didn't know any spells.
Your spell library contained the following spells:

 Spells                   Type           Power      Damage    Failure   Level
 Ozocubu's Armour         Ice            0%         N/A       86%         3
 Ozocubu's Refrigeration  Ice            0%         4d7       100%        7


Dungeon Overview and Level Annotations

Branches:
Dungeon (4/15)
 Temple: D:4-7

Altars:

Shops:
D:2 [

Annotations:
D:3 Eustachio


Innate Abilities, Weirdness & Mutations

You are small and have problems with some larger weapons.
You are completely attuned to the shadows.


Message History

Eustachio hits you but does no damage. Space warps around you.
The jackal closely misses you.
You shoot an arrow. The arrow hits Eustachio.
Eustachio is moderately wounded.
The jackal completely misses you. Eustachio closely misses you.
The jackal closely misses you.
You shoot an arrow.
The arrow hits Eustachio but does no damage.
Eustachio is moderately wounded.
The jackal barely misses you. Eustachio completely misses you.
The jackal bites you. Eustachio misses you.
You shoot an arrow. The arrow hits Eustachio!
Eustachio is heavily wounded.
The jackal closely misses you.
Eustachio hits you with a +1 rapier of distortion!
You are cast into the Abyss!
This branch contains the abyssal rune of Zot.
It was a potion of berserk rage.
A red film seems to cover your vision as you go berserk!
You feel yourself moving faster!
You feel mighty!
You feel a strong urge to attack something.
You feel your anger nearly subside.
You are no longer berserk.
You are exhausted.
You feel yourself slow down.
It was a potion of haste.
You feel yourself speed up.
A neqoxec comes into view.
The neqoxec shouts!
You hear a horrible gurgling sound! x2
An ancient zyme comes into view.
You feel yourself growing ill in the presence of the ancient zyme.
You feel yourself speed up.
A balrug comes into view.
It is wielding a +1 demon whip of electrocution.
The balrug shouts!
A thrashing horror comes into view.
The thrashing horror roars!
The thrashing horror tramples you!
You hold your ground!
The thrashing horror closely misses you.
The balrug hits you with a +1 demon whip of electrocution!!
Ouch! That really hurt!
You die...

.#. .#.#.#.
......#.....
#......... #
......#3....
........x...
......#.....
...2X.......
..#.@#......
....#......
#...........
...........
.....#......
..ยงยงยงยง
..


You could see a balrug, an ancient zyme, a thrashing horror and a neqoxec.

Vanquished Creatures
  Jessica (D:2)
  2 dart slugs (D:1)
  2 ball pythons (D:1)
  4 endoplasms
  3 goblins (D:1)
  5 hobgoblins
  5 jackals
  3 quokkas
  3 bats
  3 frilled lizards
  3 kobolds
  2 rats
36 creatures vanquished.

Vanquished Creatures (others)
  7 plants (D:3)
7 creatures vanquished.

Grand Total: 43 creatures vanquished

Notes
Turn   | Place    | Note
-------+----------+-------------------------------------------
     0 | D:1      | Newt the Kobold Hunter began the quest for the Orb.
     0 | D:1      | Reached XP level 1. HP: 12/12 MP: 1/1
   113 | D:1      | Reached XP level 2. HP: 18/18 MP: 2/2
   621 | D:1      | Reached XP level 3. HP: 23/23 MP: 3/3
   884 | D:2      | Noticed Jessica
   889 | D:2      | Killed Jessica
   897 | D:2      | Reached XP level 4. HP: 30/30 MP: 4/4
   981 | D:2      | Found a faded altar of an unknown god.
  1064 | D:2      | Found Neolu's Armour Shoppe.
  1707 | D:3      | Identified the +0 spear "Zozuur" {freeze, rF++}
  2353 | D:4      | Noticed Eustachio
  2378 | Abyss:1  | Cast into level 1 of the Abyss (Eustachio)
  2406 | Abyss:1  | Noticed a neqoxec
  2407 | Abyss:1  | Noticed an ancient zyme
  2409 | Abyss:1  | Noticed a balrug
  2410 | Abyss:1  | Noticed a thrashing horror
  2412 | Abyss:1  | Mangled by a balrug

Illustrated notes

Levels and vault maps discovered:
D:1:      lightli_arrival_quake, layout_loops_ring
D:2:      layout_loops_ring, shapermc_ecumenical_altar_mp_ritualfount,
          serial_shops, shop, solitary_fountain, minivault_24,
          minmay_misc_feat_enclosed, uniq_jessica
D:3:      layout_loops_ring, serial_forest, infiniplex_forest_clump_double,
          infiniplex_forest_end_3, infiniplex_forest_clump_double,
          infiniplex_forest_diagonal, infiniplex_forest_lined_ring,
          infiniplex_forest_lined_2, infiniplex_forest_end_2
D:4:      layout_rooms, lemuel_coloured_pillars_altar,
          mainiacjoe_overflow_tiny_flanked, uniq_eustachio, uniq_grinder
Abyss:1

Skill      XL: |  1  2  3 |
---------------+----------+-----
Fighting       | 3 4 |  4.8
Ranged Weapons | |  5.3
Dodging        | |  2.4
Stealth        | |  1.3

Action                     |  1- 3 |  4- 6 || total
---------------------------+-------+-------++-------
   Fire: Shortbow          |    38 |    40 ||    78
    Use: Scroll            |     4 |     7 ||    11
         Potion            |       |     2 ||     2
 Armour: Leather armour    |     1 |    17 ||    18
  Dodge: Dodged            |    12 |    41 ||    53

Table legend: (Time is in decaauts)
 A = Elapsed time spent in this place.
 B = Non-inter-level travel time spent in this place.
 C = Inter-level travel time spent in this place.
 D = Time resting spent in this place.
 E = Time spent auto-exploring this place.
 F = Levels seen in this place.
 G = Mean time per level.
                   A        B        C        D        E       F      G
               +--------+--------+--------+--------+--------+-----+--------+
         Total |   2434 |   2274 |    160 |      0 |   1998 |   5 |  486.8 |
       Dungeon |   2400 |   2240 |    160 |      0 |   1998 |   4 |  600.0 |
         Abyss |     33 |     33 |      0 |      0 |      0 |   1 |   33.0 |
               +--------+--------+--------+--------+--------+-----+--------+

Top non-repeatable levels by time:
     D:1: 887 daAuts
     D:3: 745 daAuts
     D:2: 734 daAuts
 Abyss:1: 33 daAuts
     D:4: 32 daAuts
